 Dungeon Crawl Stone Soup version 0.31-a0-1300-gb6740aa4e6 (webtiles) character file.

Game seed: 2581795193286166915

19089 clenchingflame the Bludgeoner (level 12, -3/69 HPs)
             Began as a Gargoyle Fighter on Dec 19, 2023.
             Was a Priest of Hepliaklqana.
             Slain by an orc priest
             ... wielding a +2 mace of distortion
              (23 damage)
             ... on level 11 of the Dungeon.
             The game lasted 01:09:00 (12053 turns).

clenchingflame the Bludgeoner (Gargoyle Fighter)   Turns: 12053, Time: 01:09:02

Health: -3/69      AC: 36    Str: 26    XL:     12   Next: 65%
Magic:  11/13      EV:  5    Int: 16    God:    Hepliaklqana [***...]
Gold:   1105       SH: 14    Dex:  9    Spells: 7/11 levels left

rFire   . . .        x - +7 morningstar "Gargoyle's Regret" {vamp, Fly Int+3 Stlth+}
rCold   . . .        B - +0 tower shield
rNeg    + . .        M - +7 plate armour of Chimes {Int+5}
rPois   ∞            a - +2 helmet
rElec   +            v - +0 cloak
rCorr   +            P - +1 pair of gloves
SInv    +            D - +0 pair of boots
Will    .....        d - amulet of the acrobat Stlth
                     R - ring of resist corrosion
HPRegen 0.31/turn    K - ring of see invisible
MPRegen 0.13/turn

%: acrobat
@: flying, hasted, very quick
A: reduced essence, sickness immunity, AC +8, negative energy resistance 1,
electricity resistance, torment resistance 1, petrification resistance
a: Renounce Religion, Recall Ancestor, Ancestor Identity, Transference


You were on level 11 of the Dungeon.
You worshipped Hepliaklqana.
Hepliaklqana was most pleased with you.
You visited 3 branches of the dungeon, and saw 13 of its levels.
You also visited: Sewer.

You collected 1105 gold pieces.

Inventory:

Hand Weapons
 x - the +7 morningstar "Gargoyle's Regret" (weapon) {vamp, Fly Int+3 Stlth+}
   (You took it off a deep elf knight on level 9 of the Dungeon)

   Int+3:     It affects your intelligence (+3).
   Fly:       It grants you flight.
   Stlth+:    It makes you more stealthy.
 F - a +0 morningstar
 L - a +2 flail of protection
Missiles
 b - a throwing net
 e - 93 stones (quivered)
 g - 14 atropa-tipped darts
 i - 6 poisoned darts
 q - 14 boomerangs
Armour
 a - a +2 helmet (worn)
 v - a +0 cloak (worn)
 B - a +0 tower shield (worn)
 D - a +0 pair of boots (worn)
 M - the +7 plate armour of Chimes (worn) {Int+5}
   (You found it on level 9 of the Dungeon)

   Int+5:     It affects your intelligence (+5).
 P - a +1 pair of gloves (worn)
Jewellery
 d - an amulet of the acrobat (around neck)
 s - a ring of protection from fire
 t - a ring of fire
 K - a ring of see invisible (right hand)
 R - a ring of resist corrosion (left hand)
 S - a ring of protection from fire
 T - a ring of fire
Wands
 h - a wand of iceblast (4)
 y - a wand of charming (7)
 G - a wand of flame (19)
 H - a wand of digging (8)
Scrolls
 f - 2 scrolls of vulnerability {unknown}
 j - a scroll of immolation {unknown}
 l - 3 scrolls of fog
 n - 2 scrolls of teleportation
 p - 2 scrolls of amnesia
 r - a scroll of noise {unknown}
 u - a scroll of summoning {unknown}
 A - 2 scrolls of silence {unknown}
 E - 2 scrolls of blinking {unknown}
 U - a scroll of torment {unknown}
Potions
 c - 2 potions of invisibility
 k - 3 potions of brilliance
 m - a potion of attraction
 o - 3 potions of mutation
 w - a potion of berserk rage
 z - a potion of resistance {unknown}
 I - a potion of enlightenment
 J - 3 potions of lignification
 O - a potion of curing
 Q - a potion of heal wounds {unknown}
 V - a potion of degeneration {unknown}
Miscellaneous
 N - a tin of tremorstones (2/2)


   Skills:
 + Level 10.0 Fighting
 - Level 16.0 Maces & Flails
 - Level 6.0 Armour
 + Level 9.8 Shields
 - Level 2.0 Invocations


You had 7 spell levels left.
You knew the following spells:

 Your Spells              Type           Power      Damage    Failure   Level
a - Brom's Barrelling Bo  Conj/Erth      0%         2d3       100%        4

Your spell library contained the following spells:

 Spells                   Type           Power      Damage    Failure   Level
 Sandblast                Erth           0%         2d4       100%        1
 Passwall                 Tmut/Erth      0%         N/A       100%        2
 Scorch                   Fire           0%         2d5       100%        2
 Call Canine Familiar     Summ           0%         N/A       100%        3
 Ignite Poison            Fire/Tmut/Pois 0%         N/A       100%        3
 Mephitic Cloud           Conj/Pois/Air  0%         N/A       100%        3
 Stone Arrow              Conj/Erth      0%         3d7       100%        3
 Volatile Blastmotes      Fire/Tloc      0%         2d10      100%        3
 Animate Dead             Necr           0%         N/A       100%        4
 Flame Wave               Conj/Fire      0%         2d4       100%        4
 Fulminant Prism          Conj/Hex       0%         3d5       100%        4
 Iskenderun's Mystic Bla  Conj/Tloc      0%         2d3       100%        4
 Sticky Flame             Conj/Fire      0%         2d3       100%        4
 Summon Ice Beast         Ice/Summ       0%         N/A       100%        4
 Summon Mana Viper        Hex/Summ       0%         N/A       100%        5
 Starburst                Conj/Fire      0%         6d3       100%        6
 Summon Cactus Giant      Summ           0%         N/A       100%        6
 Haunt                    Necr/Summ      0%         N/A       100%        7
 Malign Gateway           Summ/Tloc      0%         N/A       100%        7
 Ignition                 Fire           0%         3d3       100%        8
 Infestation              Necr           0%         N/A       100%        8
 Summon Horrible Things   Summ           0%         N/A       100%        8


Dungeon Overview and Level Annotations

Branches:
Dungeon (11/15)            Temple (1/1) D:6            Lair (1/5) D:9
  Sewer (visited)
    Orc: D:9-12

Altars:
Ashenzari
Cheibriados
Dithmenos
Elyvilon
Fedhas
Gozag
Hepliaklqana
Kikubaaqudgha
Makhleb
Nemelex Xobeh
Okawaru
Qazlal
Ru
Sif Muna
Trog
Uskayaw
Vehumet
Wu Jian
Xom
Yredelemnul
Zin
The Shining One

Annotations:
D:7 !Spooky Named Character


Innate Abilities, Weirdness & Mutations

Your life essence is reduced to manifest your ancestor. (-10% HP)
You are immune to sickness and miasma.
Your stone body is resilient. (AC +8)
You are immune to poison.
You resist negative energy. (rN+)
You are resistant to electric shocks. (rElec)
You are resistant to unholy torment.
You are immune to petrification.


Message History

You closely miss the orc priest.
Jeb Bush hits the orc wizard with a +0 quarterstaff!!
The orc wizard dies!
You bludgeon the orc priest!!
You feel better.
You kill the orc priest!
The orc priest looks encouraged for a moment.
Jeb Bush hits the orc with a +0 quarterstaff.
You bludgeon the orc!!
You kill the orc!
The orc hits Jeb Bush but does no damage.
The orc priest mumbles some strange prayers to Beogh against you.
Beogh smites you!
You thump the orc!
You feel better.
You kill the orc!
Jeb Bush points at the yak and mumbles some strange words.
The stone arrow hits the yak!!
Select a target.
Press: ? - help, Dir - move target, f - orc priest
Aim: an orc priest, wielding a +2 mace of distortion The floor.
You fail to use your ability.
Select a target.
Press: ? - help, Dir - move target, f/p - orc priest
Aim: an orc priest, wielding a +2 mace of distortion The floor.
The orc priest swaps with Jeb Bush!
Jeb Bush hits the yak with a +0 quarterstaff.
The orc priest mumbles some strange prayers to Beogh against you.
Beogh smites you!
* * * LOW HITPOINT WARNING * * *
The orc priest hits Jeb Bush with a +0 dagger. x2
You closely miss the orc priest.
Jeb Bush hits the orc warrior with a +0 quarterstaff!!
You thump the orc priest!
The orc priest is severely wounded.
The orc priest hits Jeb Bush but does no damage.
The yak gores you but does no damage.
The orc priest hits you but does no damage.
Space warps horribly around you!!
You die...

#.# ##.####
#.....#
...####.###.##
....<##.#
#..###
.....##.#
##...#
.....#..#
###.####
.....#.##
#..#.#
.....#.#
##o@.#
.....#.# ##)Y#
..>.R#.# ##..#
....#.##


YYYo ...##.# ooYo. #.. #[# ooR...8 ## ##.# ooo.... #..# ......8 #.## You could
see the friendly Jeb Bush the battlemage, 5 yaks, an orc warrior (distracted), 4
orc priests and 5 orcs.

Vanquished Creatures
  3 two-headed ogres
  Lodul (D:9)
  A deep elf knight (D:9)
  4 lindwurms (D:10)
  A manticore (D:9)
  Jeremiah (D:7)
  A troll (D:11)
  4 blink frogs (Lair:1)
  3 hornets
  5 yaks
  A wyvern (D:9)
  2 wraiths
  2 steam dragons
  An acid dragon (D:9)
  Menkaure (D:6)
  4 water moccasins
  Pargi (Sewer)
  4 orc warriors (D:9)
  2 ice beasts
  A centaur (D:6)
  4 wolves
  A kobold brigand (D:8)
  A brain worm (Sewer)
  A gnoll sergeant (D:9)
  4 bullfrogs
  3 scorpions
  16 wights
  8 killer bees
  2 electric eels (D:7)
  A howler monkey (D:8)
  2 hounds (D:4)
  12 orc priests
  Crazy Yiuf (D:4)
  2 iguanas
  15 orc wizards
  9 gnolls
  4 adders
  A river rat (D:5)
  A white imp (D:7)
  2 ufetubi (D:6)
  2 worms
  3 dart slugs
  34 orcs
  2 endoplasms
  4 giant cockroaches
  9 goblins
  5 hobgoblins
  8 jackals
  7 kobolds
  2 quokkas
  8 ball pythons
  9 bats
  2 frilled lizards
  9 rats
237 creatures vanquished.

Vanquished Creatures (collateral kills)
  A two-headed ogre (D:8)
  Erica (D:8)
  A boulder beetle (D:9)
  A deep elf knight (D:9)
  2 cane toads (Lair:1)
  A rime drake (D:9)
  4 blink frogs (Lair:1)
  A spriggan (Lair:1)
  A vampire (D:10)
  4 yaks
  A water moccasin (Lair:1)
  An orc warrior (D:10)
  8 ogres
  5 wolves
  2 killer bees
  2 howler monkeys (D:8)
  6 orc wizards
  2 gnolls (D:9)
  5 orcs
  5 kobolds (D:8)
54 creatures vanquished.

Vanquished Creatures (others)
  8 ancestors
  3 orcs
11 creatures vanquished.

Grand Total: 302 creatures vanquished

Notes
Turn   | Place    | Note
-------+----------+-------------------------------------------
     0 | D:1      | clenchingflame the Gargoyle Fighter began the quest for the
                  | Orb.
     0 | D:1      | Reached XP level 1. HP: 14/14 MP: 1/1
   147 | D:1      | Reached XP level 2. HP: 19/19 MP: 2/2
   481 | D:1      | Reached skill level 3 in Maces & Flails
   481 | D:1      | Reached XP level 3. HP: 23/24 MP: 3/3
   754 | D:2      | Found a sacrificial altar of Ru.
   793 | D:2      | Reached XP level 4. HP: 19/29 MP: 4/4
   952 | D:2      | Reached skill level 4 in Maces & Flails
  1721 | D:3      | Reached XP level 5. HP: 30/33 MP: 5/5
  2317 | D:3      | Identified the +4 robe of Context {Str+2 Int+3 Stlth+}
  2619 | D:4      | Reached skill level 5 in Maces & Flails
  2673 | D:4      | Reached XP level 6. HP: 30/38 MP: 6/6
  3523 | D:4      | Found a runed translucent door.
  3524 | D:4      | Noticed Crazy Yiuf
  3533 | D:4      | Killed Crazy Yiuf
  3534 | D:4      | Reached skill level 6 in Maces & Flails
  3631 | D:5      | Entered Level 5 of the Dungeon
  3666 | D:5      | Reached XP level 7. HP: 20/43 MP: 7/7
  3825 | D:5      | Found a glowing drain.
  3844 | D:5      | Reached skill level 5 in Armour
  3862 | Sewer    | Entered a sewer
  3966 | Sewer    | Noticed Pargi
  3978 | Sewer    | Killed Pargi
  3979 | Sewer    | Reached skill level 7 in Maces & Flails
  4184 | D:5      | Reached XP level 8. HP: 46/48 MP: 8/8
  4611 | D:6      | Identified the +6 falchion "Bynogg" {venom, rPois Will+}
  4658 | D:6      | Got the Treatise on the Sun and Convocation
  4685 | D:6      | Found a staircase to the Ecumenical Temple.
  4695 | Temple   | Entered the Ecumenical Temple
  4722 | Temple   | Became a worshipper of Hepliaklqana the Forgotten
  4787 | D:6      | Noticed Menkaure
  4802 | D:6      | Killed Menkaure
  4803 | D:6      | Reached skill level 8 in Maces & Flails
  5363 | D:7      | Reached skill level 9 in Maces & Flails
  5522 | D:7      | Reached skill level 5 in Shields
  5529 | D:7      | Reached XP level 9. HP: 37/52 MP: 9/9
  5921 | D:7      | Reached skill level 1 in Invocations
  5935 | D:7      | Reached skill level 10 in Maces & Flails
  6312 | D:7      | Noticed Jeremiah
  6649 | D:8      | Reached * piety under Hepliaklqana
  6723 | D:8      | Noticed Erica
  6734 | D:8      | Killed Erica
  7023 | D:8      | Reached skill level 11 in Maces & Flails
  7079 | D:8      | Reached XP level 10. HP: 49/50 MP: 11/11
  7853 | D:9      | Noticed a manticore
  7859 | D:9      | Killed a manticore
  7863 | D:9      | Noticed a two-headed ogre
  7940 | D:8      | Killed a two-headed ogre
  7941 | D:8      | Reached skill level 12 in Maces & Flails
  8075 | D:9      | Noticed a two-headed ogre
  8078 | D:9      | Noticed a deep elf knight
  8089 | D:10     | Entered Level 10 of the Dungeon
  8243 | D:10     | Noticed a two-headed ogre
  8255 | D:10     | Killed a two-headed ogre
  8413 | D:10     | Noticed Lodul
  8780 | D:7      | Killed Jeremiah
  9046 | D:9      | Killed a deep elf knight
  9047 | D:9      | Reached skill level 13 in Maces & Flails
  9047 | D:9      | Reached XP level 11. HP: 31/55 MP: 12/12
  9186 | D:9      | Killed a two-headed ogre
  9187 | D:9      | Reached skill level 5 in Fighting
  9253 | D:9      | Identified the +7 morningstar "Gargoyle's Regret" {vamp,
                  | Fly Int+3 Stlth+}
  9253 | D:9      | Noticed a deep elf knight
  9267 | D:9      | Killed a deep elf knight
  9453 | D:9      | Identified the +7 plate armour of Chimes {Int+5}
  9499 | D:9      | Noticed a boulder beetle
  9535 | D:9      | Noticed a two-headed ogre
  9537 | D:9      | Reached skill level 14 in Maces & Flails
  9564 | D:9      | Killed a two-headed ogre
  9659 | D:9      | Reached ** piety under Hepliaklqana
  9660 | D:9      | Remembered your ancestor Jeb Bush as a battlemage
  9685 | D:9      | Found a staircase to the Lair.
  9711 | Lair:1   | Entered Level 1 of the Lair of Beasts
 10014 | D:9      | Killed a boulder beetle
 10140 | Lair:1   | Reached skill level 15 in Maces & Flails
 10266 | Lair:1   | Reached XP level 12. HP: 61/65 MP: 13/13
 10402 | Lair:1   | Reached *** piety under Hepliaklqana
 11132 | D:9      | Killed Lodul
 11339 | D:10     | Found a broken altar of Ashenzari.
 11399 | D:10     | Reached skill level 16 in Maces & Flails
 11418 | D:10     | Identified the +7 war axe "Plog" {pain, ^Drain rF+ Int+2}
 11425 | D:10     | Got Sif Muna's Parchment of the Fuming Commander
 11431 | D:10     | Learned a level 4 spell: Brom's Barrelling Boulder
 11510 | D:10     | Found a glowing silver altar of Zin.
 12015 | D:11     | Reached skill level 10 in Fighting
 12053 | D:11     | Slain by an orc priest

Illustrated notes

Levels and vault maps discovered:
D:1:      heliophobic_arrival_ceremonial_halls, layout_loops_cross
D:2:      layout_loops_ring, basic_altar
D:3:      layout_basic, minmay_misc_feat_chi
D:4:      layout_basic, serial_bayou_crossing, uniq_crazy_yiuf_cottage
D:5:      layout_rooms, cheibrodos_sewer_entry_sluice
D:6:      layout_rooms, minmay_temple_entry_glass,
          serial_library_regret_index_small_wings, minmay_misc_feat_roman,
          uniq_menkaure
D:7:      cheibrodos_helix_gallery, layout_basic, uniq_jeremiah
D:8:      layout_loops_corners, uniq_erica
D:9:      layout_basic, hellmonk_lair_entry_icy,
          hangedman_abyss_or_decor_jellyfish_corner, minmay_the_grid_2x2
          [minmay_the_grid_eight, minmay_the_grid_rooms, minmay_the_grid_doors,
          minmay_the_grid_prize_diamond_cup]
D:10:     layout_grid_maze, mainiacjoe_overflow_large_starburst,
          minmay_lindwurm_lava, uniq_lodul
D:11:     layout_cave_pods, hiddenorc1_lemuel, hangedman_abyss_or_decor_stabs,
          uniq_urug
Temple:   mainiacjoe_temple_big_plus
Lair:1:   layout_hall_layers, gauntlet_entry_generic, serial_bayou_lagoon_a,
          minmay_hedge_maze, wad_woods_03, infiniplex_staircase_pool_2

Skill      XL: |  1  2  3  4  5  6  7  8  9 10 11 12 |
---------------+-------------------------------------+-----
Maces & Flails | 3 4 5 6 7 9 11 13 15 16 | 16.0
Fighting       | 4 8 10 | 10.0
Armour         | 4 5 6 |  6.0
Shields        | 5 7 9 |  9.8
Invocations    | 2 |  2.0

Action                     |  1- 3 |  4- 6 |  7- 9 | 10-12 || total
---------------------------+-------+-------+-------+-------++-------
  Melee: Flail             |    96 |   329 |    32 |   143 ||   600
         Mace              |       |       |   110 |       ||   110
         Morningstar       |       |       |    94 |   225 ||   319
  Throw: Stone             |       |       |       |     3 ||     3
 Invoke: Ancestor Identity |       |       |     1 |       ||     1
         Recall Ancestor   |       |       |       |     2 ||     2
         Ancestor Life: Ba |       |       |       |     1 ||     1
         Transference      |       |       |       |     1 ||     1
    Use: Scroll            |       |     3 |     4 |     5 ||    12
         Potion            |       |     1 |     6 |     1 ||     8
   Stab: Invisible         |       |       |     1 |       ||     1
         Distracted        |       |       |       |     4 ||     4
 Armour: Scale mail        |    67 |   136 |       |       ||   203
         Chain mail        |       |    51 |   243 |    82 ||   376
         Plate armour      |       |       |       |   130 ||   130
  Dodge: Dodged            |    30 |    90 |    48 |    58 ||   226
  Block: Buckler           |    16 |    47 |       |       ||    63
         Tower shield      |       |       |   144 |   244 ||   388

Table legend: (Time is in decaauts)
 A = Elapsed time spent in this place.
 B = Non-inter-level travel time spent in this place.
 C = Inter-level travel time spent in this place.
 D = Time resting spent in this place.
 E = Time spent auto-exploring this place.
 F = Levels seen in this place.
 G = Mean time per level.
                   A        B        C        D        E       F      G
               +--------+--------+--------+--------+--------+-----+--------+
         Total |  12271 |  11663 |    608 |   2483 |   5686 |  14 |  876.5 |
       Dungeon |  11044 |  10531 |    513 |   2386 |   5072 |  11 | 1004.0 |
        Temple |     49 |      6 |     43 |      0 |      0 |   1 |   49.0 |
          Lair |    986 |    934 |     52 |      8 |    595 |   1 |  986.0 |
         Sewer |    191 |    191 |      0 |     89 |     19 |   1 |  191.0 |
               +--------+--------+--------+--------+--------+-----+--------+

Top non-repeatable levels by time:
     D:9: 1780 daAuts
     D:7: 1469 daAuts
     D:8: 1401 daAuts
     D:4: 1204 daAuts
    D:10: 1096 daAuts
  Lair:1: 986 daAuts
     D:3: 917 daAuts
     D:2: 863 daAuts
     D:6: 849 daAuts
     D:1: 744 daAuts
     D:5: 601 daAuts
   Sewer: 191 daAuts
    D:11: 118 daAuts
  Temple: 49 daAuts
